 Dungeon Crawl Stone Soup version 0.26.1-2-gb8aa6d0cf2 (webtiles) character file.

Game seed: 11999716282579688365

272315 Almogavar the Slayer (level 19, -17/193 HPs)
             Began as a Minotaur Berserker on Mar 21, 2021.
             Was a High Priest of Trog.
             Demolished by an acid blob (30 damage)
             ... created by the Royal Jelly
             ... on level 4 of the Pits of Slime on Mar 22, 2021.
             The game lasted 03:00:33 (47335 turns).

Almogavar the Slayer (Minotaur Berserker)          Turns: 47335, Time: 03:00:34

Health: -17/193    AC:  8    Str: 31    XL:     19   Next: 47%
Magic:  18/18      EV: 18    Int:  2    God:    Trog [*****.]
Gold:   2848       SH: 20    Dex: 11    Spells: 18/18 levels left

rFire    . . .     SeeInvis +   N - +8 scimitar (flame)
rCold    . . .     Faith    .   Z - +0 kite shield {reflect}
rNeg     + . .     Spirit   .   q - +3 pearl dragon scales
rPois    +         Reflect  +   Y - +1 hat of Cugig {*Contam rPois Str+2 SInv}
rElec    .         Harm     .   A - +0 cloak
rCorr    +         Rampage  .   n - +1 pair of gloves {archery}
Will     ++++.                  P - +0 pair of boots {Fly}
Stlth    ..........             C - amulet of reflection
HPRegen  1.42/turn              t - ring of resist corrosion
MPRegen  0.16/turn              X - ring of willpower

@: corroded, flying, regenerating
A: retaliatory headbutt, horns 2, dopey 1
}: 2/15 runes: decaying, serpentine
a: Stop Flying, Renounce Religion, Berserk, Trog's Hand, Brothers in Arms


You were on level 4 of the Pits of Slime.
You worshipped Trog.
Trog was extremely pleased with you.
You visited 6 branches of the dungeon, and saw 33 of its levels.

You collected 5083 gold pieces.
You spent 2235 gold pieces at shops.

Inventory:

Hand Weapons
 w - the +6 scimitar of the Sea {vorpal, *Noise rElec rC+++ Int-5}
   (You found it on level 4 of the Snake Pit)

   It inflicts extra damage upon your enemies.
   It affects your intelligence (-5).
   It renders you almost immune to cold.
   It insulates you from electricity.
   It may make noises in combat.
 G - the +6 fustibalus "Ugozei" {freeze, Str-3 Int+4 Dex+3 Stlth+}
   (You found it on level 8 of the Dungeon)

   It causes projectiles fired from it to freeze those they strike, causing
   extra injury to most foes and up to half again as much damage against
   particularly susceptible opponents.
   They can also slow down cold-blooded creatures.
   It affects your strength (-3).
   It affects your intelligence (+4).
   It affects your dexterity (+3).
   It makes you more stealthy.
 N - a +8 scimitar of flaming (weapon)
 V - a +3 antimagic demon blade
Missiles
 g - 651 stones
 k - 140 sling bullets
Armour
 n - a +1 pair of gloves of archery (worn)
 q - +3 pearl dragon scales (worn)
 y - +0 steam dragon scales
 A - a +0 cloak (worn)
 P - a +0 pair of boots of flying (worn)
 U - +0 acid dragon scales
 Y - the +1 hat of Cugig (worn) {*Contam rPois Str+2 SInv}
   (You found it on level 1 of the Swamp)

   It affects your strength (+2).
   It protects you from poison.
   It lets you see invisible.
   It causes magical contamination when unequipped.
 Z - a +0 kite shield of reflection (worn)
Jewellery
 o - a +6 ring of strength
 t - a ring of resist corrosion (left hand)
 u - a +6 ring of dexterity
 C - an amulet of reflection (around neck)
 D - a +4 ring of evasion
 Q - an uncursed ring of see invisible
 X - a ring of willpower (right hand)
Wands
 c - a wand of iceblast (9)
 z - a wand of disintegration (6)
 E - a wand of digging (8)
 I - a wand of acid (28)
 J - a wand of flame (23)
Scrolls
 b - a scroll of magic mapping
 d - 9 scrolls of teleportation
 e - 3 scrolls of blinking
 h - 7 scrolls of fear
 j - 3 scrolls of fog
 v - 8 scrolls of remove curse
 M - a scroll of holy word
Potions
 f - 4 potions of might
 l - 4 potions of curing
 m - 4 potions of invisibility
 p - 4 potions of haste
 r - 6 potions of heal wounds
 s - 3 potions of resistance
 x - 2 potions of cancellation
 H - 2 potions of ambrosia
 R - 2 potions of berserk rage
Miscellaneous
 a - a phantom mirror
 i - a lightning rod (4/4)
 B - a phial of floods (inert)
 K - a box of beasts
 L - a condenser vane
 O - a phantom mirror
 S - a condenser vane
 T - a phantom mirror
 W - a tin of tremorstones (2/2)


   Skills:
 + Level 22.7 Fighting
 - Level 14.0 Long Blades
 - Level 15.1 Slings
 - Level 11.0 Armour
 + Level 15.1 Dodging
 - Level 15.0 Shields
 * Level 10.1 Evocations


You had 18 spell levels left.
You didn't know any spells.
Your spell library was empty.

Dungeon Overview and Level Annotations

Branches:
Dungeon (12/15)            Temple (0/1) D:5            Lair (6/6) D:10
  Swamp (4/4) Lair:3        Snake (4/4) Lair:4        Slime (5/5) Lair:5
    Orc (2/2) D:12            Elf (0/3) Orc:2

Altars:
Dithmenos
Fedhas
Gozag
Ru
Xom
Beogh
Jiyva

Shops:
D:7 :*   D:12 [   Orc:2 [(=(*   Snake:1 *   Snake:2 }=}   Snake:3 ?   Snake:4 [

Annotations:
Slime:5 Royal Jelly


Innate Abilities, Weirdness & Mutations

You reflexively headbutt those who attack you in melee.
You have a pair of horns on your head.
You are dopey. (Int -2)


Message History

* * * LOW HITPOINT WARNING * * *
You are splashed with acid!
You resist.
* * * LOW HITPOINT WARNING * * *
Your iron troll goes berserk!
The acid blob spits acid at you.
The splash of acid hits you but does no damage.
You are splashed with acid.
You resist.
* * * LOW HITPOINT WARNING * * *
Unknown command.
Your iron troll barely misses the acid blob.
Your iron troll claws the acid blob.
Your iron troll is burned by acid!
Your iron troll claws the acid blob!!
Your iron troll is burned by acid!
You hit the acid blob but do no damage.
Your hands burn!
* * * LOW HITPOINT WARNING * * *
Your headbutt misses the acid blob.
The acid blob is almost dead.
The acid blob hits you!!
You die...

###.## #...##.....##########
##....# ####.........###.#.##
#.....###...................#
##..........)..............#
#......<...................#
#......................##.##
##.....##..............#....#
#......###.................##
##.#............@..........#
##............TJ...........#
##.###............(#.##...#
### ####..##.....######.##
########### ##


You could see an acid blob and a friendly iron troll (summoned, berserk).

Vanquished Creatures
  the Lernaean hydra (Swamp:4)
  Saint Roka (Snake:4)
  Vashnia (Snake:4)
  2 thorn hunters (Swamp:3)
  19 acid blobs
  The ghost of Bodis the Spry, an adept OpTm of Ru (Snake:3)
  Agnes (Snake:3)
  Donald (Snake:3)
  9 azure jellies
  7 nagarajas
  The ghost of Bunnuime the Ruinous, an adept DECj of Sif Muna (Snake:1)
  An orc warlord (Orc:1)
  The ghost of garrulousMonolith the Blocker, a journeyman GnFi of Cheibriados (Lair:6)
  Aizul (Snake:4)
  Nessos (Orc:2)
  3 bunyips
  Josephine (D:11)
  3 death oozes
  4 eleionomae
  Harold (D:11)
  Erolcha (D:9)
  3 great orbs of eyes
  2 boulder beetles
  Fannar (D:11)
  18 hydras
  9 anacondas
  Erica (D:8)
  11 naga warriors
  A two-headed ogre (D:12)
  A catoblepas (Lair:6)
  A death knight (D:11)
  A deep troll shaman (Lair:6)
  9 alligators
  A dancing weapon (Snake:3)
  8 shock serpents
  Nergalle (D:10)
  Urug (D:10)
  3 orc high priests
  11 death yaks
  12 naga sharpshooters
  Sonja (D:10)
  A fire crab (Lair:5)
  A salamander mystic (Snake:4)
  4 goliath frogs
  9 swamp dragons
  5 naga ritualists
  3 spriggan druids
  A necromancer (Swamp:4)
  A lindwurm (Lair:6)
  An obsidian statue (Snake:1)
  Pikel (D:6)
  13 bog bodies
  A glowing orange brain (Slime:3)
  A phantasmal warrior (D:11)
  3 orc knights
  4 ugly things
  A deep elf mage (D:12)
  8 salamanders
  3 will-o-the-wisps
  5 mana vipers
  3 shining eyes
  An oklob plant (Lair:5)
  2 cyclopes
  A manticore (D:11)
  3 orc sorcerers
  6 guardian serpents
  37 elephants
  Joseph (D:8)
  2 eyes of devastation
  13 cane toads
  41 black mambas
  12 naga magi
  2 torpor snails (Lair:6)
  Maggie (D:10)
  2 rime drakes
  12 komodo dragons
  2 freezing wraiths (D:11)
  8 trolls
  A meliai (Lair:6)
  2 bloated husks
  A hydra skeleton (Swamp:4)
  4 tyrant leeches
  3 polar bears
  9 dream sheep (Lair:6)
  39 blink frogs
  91 slime creatures
  Grinder (D:6)
  6 hornets
  Sigmund (D:2)
  6 spriggans
  5 wyverns
  2 basilisks
  Grum (D:11)
  6 wraiths (D:11)
  65 yaks
  7 golden eyes
  6 vampire mosquitoes
  A steam dragon (Lair:4)
  4 wargs
  19 water moccasins
  18 swamp worms
  A soldier ant (D:11)
  A spriggan skeleton (Swamp:4)
  Menkaure (D:6)
  An acid dragon (Lair:4)
  62 nagas
  6 ice beasts
  12 swamp drakes
  6 sky beasts
  5 black bears
  A hornet zombie (D:11)
  37 orc warriors
  10 eyes of draining
  A phantom (D:9)
  3 necrophages
  21 ogres
  15 wolves
  11 centaurs
  A tyrant leech simulacrum (Swamp:4)
  2 wyvern zombies
  5 gnoll sergeants
  4 big kobolds
  21 bullfrogs
  2 wyvern skeletons
  2 scorpions (D:9)
  16 killer bees
  7 wights
  5 electric eels
  7 howler monkeys
  4 centaur zombies
  2 jellies
  3 bullfrog zombies
  7 hounds
  2 bullfrog skeletons
  A centaur skeleton (D:5)
  34 orc priests
  2 iguanas
  10 worker ants
  29 orc wizards
  A killer bee zombie (D:6)
  A hound skeleton (D:8)
  2 hound zombies (D:11)
  A worker ant zombie (D:8)
  A howler monkey zombie (D:11)
  12 adders
  21 gnolls
  3 shadow imps
  A white imp (D:6)
  3 ufetubi
  2 oozes
  2 adder zombies
  2 worms (D:4)
  2 dart slugs
  5 leopard geckos
  110 orcs
  5 bats
  5 giant cockroaches
  4 goblins
  3 hobgoblins
  10 jackals
  31 kobolds
  8 quokkas
  A ball python (D:2)
  4 frilled lizards
  A jackal skeleton (D:4)
  A jackal zombie (D:7)
  A leopard gecko skeleton (D:4)
  A leopard gecko zombie (D:6)
  7 rats
1281 creatures vanquished.

Vanquished Creatures (collateral kills)
  A hydra (Swamp:4)
  A black mamba (Snake:1)
  A hornet (Lair:6)
  A queen bee (Lair:6)
  A killer bee (Lair:6)
5 creatures vanquished.

Vanquished Creatures (others)
  A naga warrior (Snake:3)
  A bloated husk (Swamp:1)
  A spriggan (Swamp:3)
  An orc warrior (Orc:2)
  A leopard gecko (D:6)
  An orc (D:6)
  A kobold (D:11)
  3 briar patches (Swamp:3)
  10 foxfires
  63 fungi
  61 plants
  7 toadstools (Swamp:3)
  3 withered plants (D:11)
154 creatures vanquished.

Grand Total: 1440 creatures vanquished

Notes
Turn   | Place    | Note
-------+----------+-------------------------------------------
     0 | D:1      | Almogavar the Minotaur Berserker began the quest for the
                  | Orb.
     0 | D:1      | Reached XP level 1. HP: 19/19 MP: 0/0
   275 | D:1      | Reached XP level 2. HP: 27/27 MP: 1/1
   612 | D:1      | Reached skill level 4 in Fighting
   859 | D:2      | Found a faded altar of an unknown god.
   955 | D:2      | Reached XP level 3. HP: 34/34 MP: 2/2
   967 | D:2      | Noticed Sigmund
   981 | D:2      | Killed Sigmund
   982 | D:2      | Reached skill level 5 in Fighting
   982 | D:2      | Reached skill level 5 in Long Blades
   982 | D:2      | Reached XP level 4. HP: 42/42 MP: 3/3
   982 | D:2      | Reached XP level 5. HP: 48/48 MP: 4/4
   986 | D:2      | Reached ** piety under Trog
  2025 | D:3      | Found a blossoming altar of Fedhas.
  2209 | D:4      | Reached XP level 6. HP: 52/57 MP: 5/5
  3191 | D:5      | Entered Level 5 of the Dungeon
  3242 | D:5      | Reached skill level 6 in Fighting
  3343 | D:5      | Reached XP level 7. HP: 49/63 MP: 6/6
  3355 | D:5      | Reached *** piety under Trog
  3623 | D:5      | Found a staircase to the Ecumenical Temple.
  3816 | D:5      | Reached skill level 5 in Armour
  4599 | D:6      | Reached skill level 1 in Shields
  4599 | D:6      | Reached XP level 8. HP: 32/71 MP: 7/7
  4999 | D:6      | Noticed Grinder
  5020 | D:6      | Paralysed by Grinder for 7 turns
  5036 | D:6      | Paralysed by Grinder for 4 turns
  5040 | D:6      | Killed Grinder
  5244 | D:6      | Noticed Menkaure
  5249 | D:6      | Killed Menkaure
  5577 | D:6      | Found a shadowy altar of Dithmenos.
  5596 | D:6      | Reached skill level 7 in Fighting
  5601 | D:6      | Noticed Pikel
  5617 | D:6      | Killed Pikel
  5618 | D:6      | Reached skill level 10 in Long Blades
  5618 | D:6      | Reached XP level 9. HP: 79/79 MP: 8/8
  6294 | D:7      | Found Varear's Assorted Antiques.
  6375 | D:7      | Reached **** piety under Trog
  6794 | D:7      | Found Zablonnu's Book Shop.
  6885 | D:8      | Noticed Joseph
  6887 | D:8      | Reached skill level 8 in Fighting
  6905 | D:8      | Killed Joseph
  7011 | D:8      | Noticed Erica
  7025 | D:8      | Killed Erica
  7026 | D:8      | Reached XP level 10. HP: 43/90 MP: 9/9
  7452 | D:8      | Got a pitted fustibalus
  7475 | D:8      | Identified the +6 fustibalus "Ugozei" {freeze, Str-3 Int+4
                  | Dex+3 Stlth+} (You found it on level 8 of the Dungeon)
  7538 | D:8      | Reached ***** piety under Trog
  7677 | D:8      | Found an opulent altar of Gozag.
  7797 | D:8      | Found a shadowy altar of Dithmenos.
  7980 | D:8      | Reached skill level 9 in Fighting
  8146 | D:9      | Noticed a cyclops
  8240 | D:9      | Killed a cyclops
  8245 | D:9      | Reached skill level 5 in Dodging
  8544 | D:9      | Noticed a brown ugly thing
  8561 | D:9      | Killed a brown ugly thing
  8562 | D:9      | Reached skill level 10 in Armour
  8562 | D:9      | Reached skill level 5 in Shields
  8671 | D:9      | Noticed Erolcha
  8704 | D:9      | Killed Erolcha
  8705 | D:9      | Reached XP level 11. HP: 83/99 MP: 10/10
  9159 | D:9      | Identified the Compendium of Feathery Slavery
  9373 | D:10     | Entered Level 10 of the Dungeon
  9776 | D:10     | Noticed Maggie
  9776 | D:10     | Noticed Nergalle
  9794 | D:10     | Killed Maggie
  9795 | D:10     | Reached skill level 10 in Fighting
  9804 | D:10     | Noticed Urug
  9829 | D:10     | Killed Urug
  9999 | D:10     | Killed Nergalle
 10079 | D:10     | Received a gift from Trog
 10453 | D:10     | Found a staircase to the Lair.
 10493 | D:10     | Noticed Sonja
 11193 | D:11     | Noticed Fannar
 11197 | D:11     | Noticed Grum
 11205 | D:10     | Reached skill level 1 in Slings
 11458 | D:11     | Noticed a cyan ugly thing
 11473 | D:10     | Killed a cyan ugly thing
 11690 | D:11     | Noticed a six-headed hydra
 11701 | D:11     | Killed a two-headed hydra
 11802 | D:11     | Reached skill level 11 in Fighting
 11832 | D:11     | Killed Grum
 11846 | D:11     | Killed Fannar
 12022 | D:11     | Noticed a brown ugly thing
 12024 | D:11     | Noticed a boulder beetle
 12066 | D:10     | Killed a brown ugly thing
 12209 | D:11     | Killed a boulder beetle
 12210 | D:11     | Reached XP level 12. HP: 89/110 MP: 11/11
 12522 | D:11     | Noticed Josephine
 12540 | D:11     | Killed Josephine
 12552 | D:11     | Reached skill level 12 in Fighting
 12810 | D:11     | Found a sacrificial altar of Ru.
 12904 | D:11     | Noticed Harold
 12914 | D:11     | Killed Harold
 12914 | D:11     | Received a gift from Trog
 12915 | D:11     | Reached skill level 5 in Slings
 12917 | D:11     | Got a masterwork bardiche {god gift}
 12962 | D:11     | Identified a scroll of acquirement
 12963 | D:11     | Acquired 1024 gold pieces
 13270 | D:12     | Noticed a death knight
 14079 | D:12     | Noticed a two-headed ogre
 14088 | D:12     | Killed a two-headed ogre
 14211 | D:12     | Found a staircase to the Orcish Mines.
 14757 | D:11     | Killed a death knight
 14758 | D:11     | Reached skill level 13 in Fighting
 15662 | D:12     | Found Xamacyem's Armour Boutique.
 15718 | D:12     | Bought a +0 cloak for 58 gold pieces
 15718 | D:12     | Bought a +0 pair of boots of flying for 149 gold pieces
 15971 | D:12     | Reached XP level 13. HP: 116/122 MP: 12/12
 16222 | Orc:1    | Entered Level 1 of the Orcish Mines
 16624 | Orc:2    | Entered Level 2 of the Orcish Mines
 17202 | Orc:2    | Noticed Nessos
 17655 | Orc:2    | Found a staircase to the Elven Halls.
 17692 | Orc:2    | Found Uhauku's Jewellery Emporium.
 17696 | Orc:2    | Reached skill level 10 in Shields
 18130 | Orc:2    | Received a gift from Trog
 18138 | Orc:2    | Killed Nessos
 18139 | Orc:2    | Reached skill level 14 in Fighting
 19142 | Orc:2    | Found a roughly hewn altar of Beogh.
 19162 | Orc:2    | Paralysed by an orc sorcerer for 4 turns
 19483 | Orc:2    | Found Yzocioph's Antique Weapon Shop.
 19574 | Orc:2    | Found a roughly hewn altar of Beogh.
 19575 | Orc:2    | Found Jidor's Assorted Antiques.
 19741 | Orc:2    | Found a roughly hewn altar of Beogh.
 19764 | Orc:2    | Found a roughly hewn altar of Beogh.
 19922 | Orc:2    | Noticed an orc warlord
 20039 | Orc:1    | Killed an orc warlord
 20333 | Orc:2    | Found Rusac's Antique Weapon Shoppe.
 20342 | Orc:2    | Found a roughly hewn altar of Beogh.
 20660 | Orc:2    | Found Huzoxor's Antique Armour Emporium.
 20675 | Orc:2    | Bought a pair of embroidered gloves for 202 gold pieces
 20712 | Orc:2    | Found a roughly hewn altar of Beogh.
 20783 | Orc:1    | Received a gift from Trog
 21810 | D:10     | Killed Sonja
 21921 | Lair:1   | Entered Level 1 of the Lair of Beasts
 22360 | Lair:1   | Reached skill level 15 in Fighting
 23735 | Lair:2   | Reached XP level 14. HP: 135/135 MP: 13/13
 23869 | Lair:2   | Received a gift from Trog
 24917 | Lair:3   | Reached skill level 10 in Dodging
 25218 | Lair:3   | Found a staircase to the Swamp.
 26368 | Lair:4   | Found a staircase to the Snake Pit.
 26894 | Lair:4   | Reached ****** piety under Trog
 27592 | Lair:5   | Received a gift from Trog
 27731 | Lair:5   | Reached skill level 10 in Slings
 27829 | Lair:5   | Found a staircase to the Slime Pits.
 27829 | Lair:5   | Found a viscous altar of Jiyva.
 27869 | Lair:5   | Reached skill level 16 in Fighting
 28063 | Lair:5   | Reached XP level 15. HP: 134/144 MP: 14/14
 28623 | Lair:6   | Entered Level 6 of the Lair of Beasts
 29060 | Lair:6   | Reached skill level 15 in Shields
 29252 | Lair:6   | Reached skill level 1 in Evocations
 29417 | Lair:6   | Received a gift from Trog
 29514 | Lair:6   | Noticed garrulousMonolith's ghost (journeyman GnFi)
 30664 | Lair:6   | Found a transporter.
 30668 | Lair:6   | Found a transporter.
 30685 | Lair:6   | Killed garrulousMonolith's ghost
 30686 | Lair:6   | Reached skill level 17 in Fighting
 31185 | Swamp:1  | Entered Level 1 of the Swamp
 31238 | Swamp:1  | Got a blackened hat
 31244 | Swamp:1  | Identified the +1 hat of Cugig {*Contam rPois Str+2 SInv}
                  | (You found it on level 1 of the Swamp)
 31408 | Swamp:1  | Received a gift from Trog
 32513 | Swamp:2  | Reached XP level 16. HP: 149/155 MP: 15/15
 32941 | Swamp:3  | Noticed a thorn hunter
 32944 | Swamp:3  | Noticed a thorn hunter
 32959 | Swamp:3  | Killed a thorn hunter
 32966 | Swamp:3  | Killed a thorn hunter
 33247 | Swamp:3  | Reached skill level 18 in Fighting
 33685 | Swamp:3  | Received a gift from Trog
 34053 | Swamp:4  | Entered Level 4 of the Swamp
 34086 | Swamp:4  | Reached skill level 5 in Evocations
 35131 | Swamp:4  | Received a gift from Trog
 35195 | Swamp:4  | Noticed the 27-headed Lernaean hydra
 35203 | Swamp:4  | Killed the 23-headed Lernaean hydra
 35306 | Swamp:4  | Got a decaying rune of Zot
 35574 | Snake:1  | Entered Level 1 of the Snake Pit
 35761 | Snake:1  | Found a runed translucent gate.
 35761 | Snake:1  | Found Heziedd's Assorted Antiques.
 35768 | Snake:1  | Found a runed translucent gate.
 35768 | Snake:1  | Found an opulent altar of Gozag.
 35768 | Snake:1  | Found a runed translucent gate.
 35770 | Snake:1  | Noticed Bunnuime's ghost (adept DECj)
 36078 | Snake:1  | Reached skill level 19 in Fighting
 36078 | Snake:1  | Reached XP level 17. HP: 120/168 MP: 16/16
 36691 | Snake:1  | Killed Bunnuime's ghost
 36827 | Snake:1  | Bought a scroll of identify for 46 gold pieces
 36827 | Snake:1  | Bought a fizzy pink potion for 20 gold pieces
 37167 | Snake:2  | Found Gyntaxipi's Gadget Shop.
 37167 | Snake:2  | Found Fequt's Jewellery Emporium.
 37168 | Snake:2  | Found Qoiza's Gadget Shop.
 37177 | Snake:2  | Bought a lightning rod (4/4) for 420 gold pieces
 37177 | Snake:2  | Bought a phial of floods for 560 gold pieces
 37239 | Snake:2  | Received a gift from Trog
 37969 | Snake:3  | Noticed Agnes
 37980 | Snake:3  | Killed Agnes
 38239 | Snake:3  | Found Ziephiu's Magic Scroll Emporium.
 38248 | Snake:3  | Bought a scroll of acquirement for 780 gold pieces
 38248 | Snake:3  | Acquired 682 gold pieces
 38299 | Snake:3  | Noticed Donald
 38314 | Snake:3  | Killed Donald
 38865 | Snake:3  | Found a runed translucent door.
 38865 | Snake:3  | Found a shimmering altar of Xom.
 38865 | Snake:3  | Noticed Bodis's ghost (adept OpTm)
 38895 | Snake:3  | Killed Bodis's ghost
 39083 | Snake:4  | Entered Level 4 of the Snake Pit
 39083 | Snake:4  | Noticed Saint Roka
 39244 | Snake:4  | Noticed Aizul
 39273 | Snake:4  | Killed Aizul
 39349 | Snake:4  | Got a crystal scimitar
 39350 | Snake:4  | Lost intelligence.
 39350 | Snake:4  | Identified the +6 scimitar of the Sea {vorpal, *Noise rElec
                  | rC+++ Int-5} (You found it on level 4 of the Snake Pit)
 39572 | Snake:4  | Found Cicorr's Armour Shoppe.
 39902 | Snake:4  | Noticed Vashnia
 39947 | Snake:4  | Killed Vashnia
 39948 | Snake:4  | Reached skill level 15 in Slings
 39948 | Snake:4  | Reached XP level 18. HP: 116/178 MP: 17/17
 39958 | Snake:4  | Reached skill level 20 in Fighting
 40324 | Snake:4  | Received a gift from Trog
 40364 | Snake:4  | Killed Saint Roka
 41567 | Snake:4  | Got a serpentine rune of Zot
 41788 | Slime:1  | Entered Level 1 of the Pits of Slime
 41815 | Slime:1  | Received a gift from Trog
 41879 | Slime:1  | Reached skill level 21 in Fighting
 43248 | Slime:2  | Gained mutation: You are dopey. (Int -2) [a shining eye]
 44348 | Slime:2  | Received a gift from Trog
 44855 | Slime:4  | Reached XP level 19. HP: 175/191 MP: 14/18
 45121 | Slime:4  | Reached skill level 22 in Fighting
 46264 | Slime:3  | Reached skill level 15 in Dodging
 46607 | Slime:4  | Received a gift from Trog
 46756 | Slime:5  | Entered Level 5 of the Pits of Slime
 46793 | Slime:4  | Reached skill level 10 in Evocations
 47304 | Slime:5  | Noticed the Royal Jelly
 47335 | Slime:4  | Demolished by an acid blob

Illustrated notes

Levels and vault maps discovered:
D:1:      roderic_crossed_star, layout_loops_ring
D:2:      layout_rooms, chequers_ecumenical_altar_simple, minmay_pentomino_p2,
          uniq_sigmund
D:3:      layout_loops_ring, marbit_many_paths
D:4:      layout_layer_cave
D:5:      layout_basic, minmay_temple_entry_wispy
D:6:      layout_rooms, basic_altar, minivault_4, kennysheep_generic_room_4,
          uniq_menkaure, uniq_pikel, uniq_grinder
D:7:      layout_gridville, serial_shops, nicolae_shop_stone, shop
D:8:      kennysheep_kobold_camp, layout_rooms, basic_altar,
          nicolae_dithmenos_the_darkroom, uniq_erica, uniq_joseph
D:9:      layout_basic, uniq_erolcha
D:10:     layout_cave_pods, grunt_lair_entry_orc_guard_hut, uniq_nergalle,
          uniq_sonja, uniq_urug, uniq_maggie
D:11:     layout_irregular_city, serial_undead, serial_undead_c,
          serial_undead_d, serial_undead_a, serial_undead_e, serial_undead_b,
          serial_undead_b, serial_undead_d, nicolae_ru_awakened_eye,
          uniq_josephine, uniq_harold, uniq_grum, uniq_fannar
D:12:     layout_gridville, kennysheep_orc_monster_closet_entryway,
          serial_shops, shop
Lair:1:   layout_long_grid, grunt_megastairs_3
Lair:2:   layout_regular_city, chequers_serial_rivers_micro_b,
          serial_bayou_shore_a, serial_bayou_shore_b, grunt_megastairs_2,
          lemuel_fruit_tree
Lair:3:   layout_regular_city, skrybe_swamp_entry_bodies, minivault_26,
          serial_bayou_pond_c, beast_lair_carwin_11
Lair:4:   layout_hall_layers, minmay_snake_entry_guardpost_small,
          chequers_serial_rivers_micro_c, serial_bayou_lagoon_a,
          guppyfry_lair_drakes
Lair:5:   layout_cave_pods, slime_altar_1, chequers_serial_rivers_micro_d
Lair:6:   grunt_lair_end_beastmaster, layout_regular_city, gammafunk_ghost_hive,
          grunt_megastairs_1
Swamp:1:  layout_basic_swamp, wheals_swamp_sinkhole
Swamp:2:  layout_basic_swamp, hangedman_swamp_ruin_wall, swamp_pool2
Swamp:3:  cheibrodos_swamp_tower_of_moss, layout_basic_swamp,
          evilmike_swamp_ruin_rubble_2
Swamp:4:  grunt_swamp_rune_castle, layout_basic_swamp, swamp_pool3,
          grunt_hermit_hut
Snake:1:  layout_gridlike, ebering_ghost_gozag
Snake:2:  layout_onion_interference, minmay_shop_grove
Snake:3:  layout_misc_corridors, ebering_ghost_xom, statue_in_the_mist_lemuel,
          grunt_ministairs_8, minmay_shop_star, uniq_agnes, uniq_donald
Snake:4:  johnstein_snake_rune_scales, layout_cave_town, serial_shops, shop,
          st_stairs_14, uniq_aizul, uniq_saint_roka
Slime:1:  layout_caves
Slime:2:  layout_caves
Slime:3:  layout_caves
Slime:4:  layout_caves
Slime:5
Orc:1:    layout_caves
Orc:2:    grunt_orc_community_town_hall, layout_caves,
          grunt_orc_community_big_house_2, grunt_orc_community_big_house_1,
          grunt_orc_community_house_3, grunt_orc_community_house_2,
          grunt_orc_community_house_3, grunt_orc_community_house_3,
          serial_shops, shop, uniq_nessos

Skill      XL: |  1  2  3  4  5  6  7  8  9 10 11 12 13 14 15 16 17 18 19 |
---------------+----------------------------------------------------------+-----
Fighting       | 4 5 6 7 8 9 11 13 15 16 17 19 21 22 | 22.7
Long Blades    | 4 5 7 8 10 11 13 14 | 14.0
Armour         | 3 4 5 7 9 10 11 | 11.0
Dodging        | 3 4 5 6 7 9 10 11 13 14 15 | 15.1
Shields        | 1 2 4 5 7 9 11 14 15 | 15.0
Slings         | 4 6 8 10 11 12 15 | 15.1
Evocations     | 4 6 7 9 10 | 10.1

Action                   |  1- 3 |  4- 6 |  7- 9 | 10-12 | 13-15 | 16-18 | 19-21 || total
-------------------------+-------+-------+-------+-------+-------+-------+-------++-------
Melee: Falchion          |    42 |   139 |   339 |   891 |   823 |       |       ||  2234
       Headbutt          |     9 |    32 |    81 |   235 |   486 |   219 |    47 ||  1109
       Scimitar          |       |       |       |     5 |   920 |   690 |   129 ||  1744
 Fire: Fustibalus        |       |       |       |       |     7 |   676 |   172 ||   855
Invok: Berserk           |     1 |       |     4 |     9 |     8 |     2 |     1 ||    25
       Trog's Hand       |       |       |     3 |    11 |     6 |     5 |     2 ||    27
       Brothers in Arms  |       |       |       |     1 |     1 |     2 |     1 ||     5
Evoke: Wand              |       |       |       |     4 |       |     3 |       ||     7
       Phial of floods   |       |       |       |       |       |       |     1 ||     1
  Use: Scroll            |       |     5 |     5 |    13 |    10 |    10 |       ||    43
       Potion            |       |       |       |     3 |     1 |       |       ||     4
 Stab: Held in net/web   |       |       |       |     2 |       |       |       ||     2
       Confused          |       |       |       |       |     1 |       |       ||     1
Armor: Chain mail        |     8 |    54 |   131 |    97 |       |       |       ||   290
       Animal skin       |     1 |       |       |       |       |       |       ||     1
       Pearl dragon scal |       |       |       |   237 |   444 |   242 |    56 ||   979
Dodge: Dodged            |    26 |    47 |   135 |   399 |   709 |   456 |    79 ||  1851
Block: Other             |       |    10 |    69 |   183 |   139 |       |       ||   401
       Reflection        |       |       |     1 |     9 |    11 |    89 |     9 ||   119
       Tower shield      |       |       |       |       |  1179 |   652 |       ||  1831
       Kite shield       |       |       |       |       |       |   330 |    89 ||   419
       Rpst.: Falchion   |     2 |    15 |    31 |   110 |    78 |       |       ||   236
       Scimitar          |       |       |       |     1 |    52 |    49 |     7 ||   109
